 Dungeon Crawl Stone Soup version 0.32-a0-918-g0f22ef8d61 (webtiles) character file.

Game seed: 9536020252160328714

9750 Ijustatesigmund the Destroyer (level 11, 0/83 HPs)
             Began as a Gnoll Conjurer on Apr 11, 2024.
             Was a Follower of Vehumet.
             Hit by a large rock thrown by a cyclops (30 damage)
             ... on level 11 of the Dungeon.
             The game lasted 00:26:16 (15873 turns).

Ijustatesigmund the Destroyer (Gnoll Conjurer)     Turns: 15873, Time: 00:26:17

Health: 0/83       AC:  6    Str:  7    XL:     11   Next: 51%
Magic:  1/23       EV: 13    Int: 28    God:    Vehumet [*.....]
Gold:   738        SH:  0    Dex: 10    Spells: 9/26 levels left

rFire   . . .        b - +2 trident (vamp)
rCold   . . .        (no shield)
rNeg    . . .        a - +0 robe
rPois   .            (no helmet)
rElec   .            s - +0 cloak
rCorr   .            m - +1 pair of gloves
SInv    +            (no boots)
Will    .....        B - amulet of magic regeneration
Stlth   +++          t - ring of see invisible
HPRegen 0.33/turn    n - ring of Equivalence {Int+6 Slay+6}
MPRegen 0.58/turn

%: no passive effects
@: about to teleport
A: fangs 1, strong nose, distributed training
a: Renounce Religion


You were on level 11 of the Dungeon.
You worshipped Vehumet.
Vehumet was aware of your devotion.
You visited 2 branches of the dungeon, and saw 12 of its levels.
You also visited: Bailey.

You collected 898 gold pieces.
You spent 160 gold pieces at shops.

Inventory:

Hand Weapons
 b - a +2 vampiric trident (weapon)
 c - a +0 war axe of electrocution
 k - a +1 heavy flail
 l - a +3 dagger of electrocution
 p - a +3 war axe
 r - a +4 quarterstaff of chaos
Missiles
 o - 7 curare-tipped darts (quivered)
 H - 2 silver javelins
Armour
 a - a +0 robe (worn)
 m - a +1 pair of gloves (worn)
 s - a +0 cloak (worn)
Jewellery
 j - a ring of flight
 n - the ring of Equivalence (right hand) {Int+6 Slay+6}
   (You acquired it on level 4 of the Dungeon)

   [ring of intelligence]

   Int+6:     It affects your intelligence (+6).
   Slay+6:    It affects your accuracy & damage with ranged weapons and melee
   (+6).
 t - a ring of see invisible (left hand)
 v - a ring of resist corrosion
 y - a ring of positive energy
 B - an amulet of magic regeneration (around neck)
Wands
 f - a wand of flame (36)
 q - a wand of polymorph (9)
 J - a wand of roots (4)
 L - a wand of quicksilver (3)
Scrolls
 e - 6 scrolls of teleportation
 w - a scroll of fear {unknown}
 D - 4 scrolls of enchant armour
 E - 2 scrolls of amnesia
 F - 8 scrolls of identify
 I - a scroll of acquirement
 M - a scroll of enchant weapon {unknown}
 N - a scroll of fog {unknown}
Potions
 d - 3 potions of heal wounds
 g - 3 potions of attraction
 h - 3 potions of brilliance
 i - 3 potions of haste
 u - a potion of invisibility
 x - 3 potions of curing
 z - a potion of cancellation
 A - a potion of enlightenment
 C - a potion of berserk rage {unknown}
 G - 2 potions of mutation {unknown}
 K - 2 potions of might {unknown}
 O - a potion of magic


   Skills:
 + Level 6.6 Fighting
 + Level 6.6 Short Blades
 + Level 6.6 Long Blades
 + Level 6.6 Axes
 + Level 6.6 Maces & Flails
 + Level 6.6 Polearms
 + Level 6.6 Staves
 + Level 6.6 Ranged Weapons
 + Level 6.6 Throwing
 + Level 6.6 Armour
 + Level 8.1 Dodging
 + Level 7.9 Stealth
 + Level 6.6 Shields
 + Level 6.6 Unarmed Combat
 + Level 8.4 Spellcasting
 + Level 9.1 Conjurations
 + Level 5.4 Hexes
 + Level 5.4 Summonings
 + Level 5.4 Necromancy
 + Level 5.4 Translocations
 + Level 5.4 Fire Magic
 + Level 5.4 Ice Magic
 + Level 5.4 Air Magic
 + Level 5.4 Earth Magic
 + Level 5.4 Alchemy
 + Level 7.2 Invocations
 + Level 6.6 Evocations
 + Level 6.0 Shapeshifting


You had 9 spell levels left.
You knew the following spells:

 Your Spells              Type           Power      Damage    Failure   Level
a - Magic Dart            Conj           100%       1d8       1%          1
b - Searing Ray           Conj           100%       2d8       1%          2
c - Iskenderun's Mystic   Conj/Tloc      51%        2d11      (+2d62%     4
d - Fireball              Conj/Fire      25%        3d11      7%          5
e - Freezing Cloud        Conj/Ice/Air   24%        6-21      9%          5

Your spell library contained the following spells:

 Spells                   Type           Power      Damage    Failure   Level
 Sandblast                Erth           84%        2d18      1%          1
 Shock                    Conj/Air       100%       1d9       1%          1
 Slow                     Hex            100%       N/A       1%          1
 Cigotuvi's Dreadful Rot  Necr/Alch/Air  84%        N/A       1%          2
 Confusing Touch          Hex            42%        N/A       1%          3
 Fugue of the Fallen      Necr           42%        N/A       1%          3
 Ozocubu's Armour         Ice            42%        N/A       1%          3
 Swiftness                Air            42%        N/A       1%          3
 Vampiric Draining        Necr           42%        2d9       1%          3
 Brom's Barrelling Bould  Conj/Erth      51%        2d7       2%          4
 Fulminant Prism          Conj/Alch      25%        3d14      2%          4
 Iskenderun's Battlesphe  Conj           58%        2d11      3%          5
 Airstrike                Air            21%        2d(3-19)  4%          4
 Ignite Poison            Fire/Alch      42%        N/A       4%          4
 Conjure Ball Lightning   Conj/Air       25%        3x3d7     36%         6
 Orb of Destruction       Conj           29%        9d9       67%         7
 Manifold Assault         Tloc           21%        N/A       99%         7


Dungeon Overview and Level Annotations

Branches:
Dungeon (11/15)            Temple (1/1) D:4            Lair (0/5) D:9
 Bailey (visited)
    Orc: D:9-12

Altars:
Ashenzari
Cheibriados
Dithmenos
Elyvilon
Fedhas
Gozag
Hepliaklqana
Kikubaaqudgha
Makhleb
Nemelex Xobeh
Okawaru
Qazlal
Ru
Sif Muna
Trog
Uskayaw
Vehumet
Wu Jian
Xom
Yredelemnul
Zin
The Shining One

Shops:
D:6 !

Annotations:
D:6 3 runed translucent doors, WhiterunGuard03's ghost, novice FoFi; YoungGLord's ghost, novice GrEE; syranez's ghost, novice DsHW
D:11 Lodul


Innate Abilities, Weirdness & Mutations

You have very sharp teeth.
Your uncanny sense of smell can sniff out nearby items.
Your experience applies equally to all skills.


Message History

The ogre is lightly wounded.
The orc warrior is severely wounded.
The mystic blast hits the red devil!
The red devil is heavily wounded.
The red devil is knocked back by the mystic blast.
The mystic blast hits the ogre!
The ogre is heavily wounded.
The ogre is knocked back by the mystic blast.
The ogre collides with the orc priest.
The orc priest is lightly wounded.
The ogre is almost dead.
The mystic blast hits the ogre!!
The ogre is severely wounded.
The ogre is knocked back by the mystic blast.
The mystic blast hits the cyclops!
The cyclops is almost dead.
The cyclops is knocked back by the mystic blast.
The mystic blast hits Lodul.
Lodul is lightly wounded.
Lodul is knocked back by the mystic blast.
Lodul collides with the orc warrior!
You kill the orc warrior!
Vehumet accepts your kill.
Lodul is lightly wounded.
You carefully extract the barbed spikes from your body.
Casting: Iskenderun's Mystic Blast (dangerous; 2% risk of failure)
Confirm with . or Enter, or press ? or * to list all spells.
You erupt in a blast of force!
The mystic blast hits the ogre!
You kill the ogre!
Vehumet accepts your kill.
The mystic blast hits the ogre!!
The ogre is almost dead.
The mystic blast hits the orc warrior but does no damage.
The mystic blast hits the orc priest!
The orc priest is almost dead.
The orc priest is knocked back by the mystic blast.
The mystic blast hits Lodul.
Lodul is lightly wounded.
The cyclops throws a large rock.
The large rock hits you!!
You die...

# #.#..∆ ######.#.###
∆ ##...##..... ∆ ∆
##.........### ∆
#............##
#.......4..≈@.#
####......)...≈≈O#
##.........)C†.(OoO.
...####...##...O.O....
...#
#######...........
..## ..o......... ..#
##.........<. ......
#........... ..#### ∆
.


You could see Lodul, a cyclops, a red devil, an orc warrior, 4 ogres and an orc
priest.

Vanquished Creatures
  A two-headed ogre (D:10)
  An ugly thing (D:9)
  A cyclops (D:10)
  A gargoyle (D:10)
  A troll (D:9)
  Grinder (D:3)
  A hornet (D:11)
  2 shadows (D:10)
  A wraith (D:9)
  9 yaks
  2 wyverns
  2 vampire mosquitoes (D:11)
  Menkaure (D:6)
  Edmund (D:4)
  2 sky beasts
  7 orc warriors
  A black bear (D:7)
  2 ice beasts
  5 ogres
  A centaur (D:10)
  9 kobold brigands
  A phantom (D:5)
  2 bullfrogs
  2 gnoll sergeants
  10 wights
  20 killer bees
  An electric eel (D:6)
  7 howler monkeys
  A jelly (D:5)
  An orc priest (D:6)
  A bombardier beetle (D:3)
  2 hounds
  Crazy Yiuf (D:4)
  Jessica (D:2)
  Natasha (thrice) (D:4)
  3 sleepcaps
  2 iguanas (D:5)
  3 orc wizards
  Robin (D:3)
  6 gnolls
  8 adders
  4 ufetubi
  7 dart slugs
  2 ribbon worms (D:4)
  17 orcs
  7 endoplasms
  5 giant cockroaches
  13 hobgoblins
  2 jackals (D:2)
  4 quokkas
  5 ball pythons
  A ball python zombie (D:2)
  7 bats
  A frilled lizard (D:2)
  12 goblins
  29 kobolds
  5 rats
249 creatures vanquished.

Notes
Turn   | Place    | Note
-------+----------+-------------------------------------------
     0 | D:1      | Ijustatesigmund the Gnoll Conjurer began the quest for the
                  | Orb.
     0 | D:1      | Reached XP level 1. HP: 13/13 MP: 6/6
   110 | D:1      | Reached XP level 2. HP: 19/19 MP: 5/7
   140 | D:1      | Learned a level 2 spell: Searing Ray
   479 | D:1      | Reached skill level 5 in Spellcasting
   479 | D:1      | Reached XP level 3. HP: 25/25 MP: 5/9
   730 | D:2      | Reached skill level 1 in Invocations
   943 | D:2      | Reached skill level 1 in Fighting
   943 | D:2      | Reached skill level 1 in Short Blades
   943 | D:2      | Reached skill level 1 in Long Blades
   943 | D:2      | Reached skill level 1 in Axes
   943 | D:2      | Reached skill level 1 in Maces & Flails
   943 | D:2      | Reached skill level 1 in Polearms
   943 | D:2      | Reached skill level 1 in Staves
   943 | D:2      | Reached skill level 1 in Ranged Weapons
   943 | D:2      | Reached skill level 1 in Throwing
   943 | D:2      | Reached skill level 1 in Armour
   943 | D:2      | Reached skill level 1 in Shields
   943 | D:2      | Reached skill level 1 in Unarmed Combat
   943 | D:2      | Reached skill level 1 in Evocations
  1141 | D:2      | Reached skill level 1 in Shapeshifting
  1141 | D:2      | Reached XP level 4. HP: 32/32 MP: 9/11
  1165 | D:2      | Learned a level 4 spell: Iskenderun's Mystic Blast
  1404 | D:2      | Noticed Jessica
  1407 | D:2      | Killed Jessica
  1408 | D:2      | Reached skill level 1 in Hexes
  1408 | D:2      | Reached skill level 1 in Summonings
  1408 | D:2      | Reached skill level 1 in Necromancy
  1408 | D:2      | Reached skill level 1 in Translocations
  1408 | D:2      | Reached skill level 1 in Fire Magic
  1408 | D:2      | Reached skill level 1 in Ice Magic
  1408 | D:2      | Reached skill level 1 in Air Magic
  1408 | D:2      | Reached skill level 1 in Earth Magic
  1408 | D:2      | Reached skill level 1 in Alchemy
  1744 | D:3      | Noticed Grinder
  1753 | D:3      | Killed Grinder
  1754 | D:3      | Reached skill level 5 in Dodging
  1754 | D:3      | Reached XP level 5. HP: 38/38 MP: 1/12
  1754 | D:3      | Reached XP level 6. HP: 44/44 MP: 1/14
  2210 | D:3      | Noticed Robin
  2523 | D:3      | Killed Robin
  2684 | D:3      | Found an opulent altar of Gozag.
  2892 | D:4      | Found a staircase to the Ecumenical Temple.
  2895 | D:4      | Noticed Edmund
  2907 | D:4      | Killed Edmund
  2908 | D:4      | Reached XP level 7. HP: 20/51 MP: 2/15
  3024 | D:4      | Identified a scroll of acquirement
  3024 | D:4      | Acquired the ring of Equivalence {Int+6 Slay+6}
  3295 | D:4      | Found a blossoming altar of Fedhas.
  3364 | D:4      | Noticed Natasha
  3371 | D:4      | Killed Natasha
  3372 | D:4      | Reached skill level 5 in Stealth
  3501 | D:4      | Noticed a wyvern
  3509 | D:4      | Killed a wyvern
  3690 | D:4      | Noticed Natasha
  3698 | D:4      | Killed Natasha
  3711 | Temple   | Entered the Ecumenical Temple
  3874 | D:4      | Noticed Natasha
  3879 | D:4      | Killed Natasha
  3930 | D:4      | Found a runed translucent door.
  3931 | D:4      | Noticed Crazy Yiuf
  3936 | D:4      | Killed Crazy Yiuf
  3937 | D:4      | Reached XP level 8. HP: 33/58 MP: 16/16
  4304 | D:4      | Found a shimmering blue altar of Sif Muna.
  4632 | D:5      | Entered Level 5 of the Dungeon
  5906 | D:5      | Found a hazy altar of Hepliaklqana.
  5967 | D:6      | Found an iron altar of Okawaru.
  6186 | D:6      | Noticed Menkaure
  6196 | D:6      | Killed Menkaure
  6462 | D:6      | Learned a level 5 spell: Fireball
  6536 | D:6      | Found a runed translucent gate.
  6537 | D:6      | Found a runed translucent gate.
  6539 | D:6      | Found a runed translucent gate.
  6540 | D:6      | Noticed syranez's ghost (novice DsHW)
  6540 | D:6      | Noticed WhiterunGuard03's ghost (novice FoFi)
  6541 | D:6      | Noticed YoungGLord's ghost (novice GrEE)
  6636 | D:6      | Found Meamyhu's Distillery.
  6682 | D:6      | Bought a potion of cancellation for 80 gold pieces
  6682 | D:6      | Bought a potion of curing for 30 gold pieces
  6682 | D:6      | Bought a potion of heal wounds for 50 gold pieces
  6693 | D:6      | Reached XP level 9. HP: 65/65 MP: 16/18
  7466 | D:7      | Reached skill level 8 in Conjurations
  7617 | D:7      | Found a flagged portal.
  7622 | Bailey   | Entered a bailey
  7629 | Bailey   | Learned a level 5 spell: Freezing Cloud
  8127 | Bailey   | Reached skill level 5 in Invocations
  8313 | Bailey   | Found a burning altar of Makhleb.
  9245 | D:7      | Identified the +7 falchion of Gozag's Envy {freeze, MP+9
                  | Str-3 Stlth+}
  9334 | D:7      | Reached skill level 5 in Fighting
  9334 | D:7      | Reached skill level 5 in Short Blades
  9334 | D:7      | Reached skill level 5 in Long Blades
  9334 | D:7      | Reached skill level 5 in Axes
  9334 | D:7      | Reached skill level 5 in Maces & Flails
  9334 | D:7      | Reached skill level 5 in Polearms
  9334 | D:7      | Reached skill level 5 in Staves
  9334 | D:7      | Reached skill level 5 in Ranged Weapons
  9334 | D:7      | Reached skill level 5 in Throwing
  9334 | D:7      | Reached skill level 5 in Armour
  9334 | D:7      | Reached skill level 5 in Shields
  9334 | D:7      | Reached skill level 5 in Unarmed Combat
  9334 | D:7      | Reached skill level 5 in Evocations
  9334 | D:7      | Reached XP level 10. HP: 74/74 MP: 20/20
 10567 | D:8      | Found a snail-covered altar of Cheibriados.
 11140 | D:8      | Found a radiant altar of Vehumet.
 11338 | D:8      | Became a worshipper of Vehumet
 11509 | D:9      | Noticed a white ugly thing
 11521 | D:9      | Killed a white ugly thing
 11522 | D:9      | Reached skill level 5 in Shapeshifting
 12381 | D:9      | Found a broken altar of Ashenzari.
 12381 | D:9      | Found a sacrificial altar of Ru.
 12412 | D:9      | Found a white marble altar of Elyvilon.
 12412 | D:9      | Found a glowing silver altar of Zin.
 12413 | D:9      | Found a glowing golden altar of the Shining One.
 12507 | D:9      | Reached skill level 5 in Hexes
 12507 | D:9      | Reached skill level 5 in Summonings
 12507 | D:9      | Reached skill level 5 in Necromancy
 12507 | D:9      | Reached skill level 5 in Translocations
 12507 | D:9      | Reached skill level 5 in Fire Magic
 12507 | D:9      | Reached skill level 5 in Ice Magic
 12507 | D:9      | Reached skill level 5 in Air Magic
 12507 | D:9      | Reached skill level 5 in Earth Magic
 12507 | D:9      | Reached skill level 5 in Alchemy
 12507 | D:9      | Reached XP level 11. HP: 29/81 MP: 6/22
 12882 | D:9      | Noticed a centaur warrior
 12883 | D:9      | Noticed a red ugly thing
 13116 | D:9      | Found a staircase to the Lair.
 13383 | D:10     | Entered Level 10 of the Dungeon
 13908 | D:10     | Noticed a two-headed ogre
 13933 | D:10     | Killed a two-headed ogre
 14299 | D:10     | Reached skill level 9 in Conjurations
 14665 | D:10     | Reached * piety under Vehumet
 14665 | D:10     | Offered knowledge of Sandblast by Vehumet.
 15567 | D:10     | Noticed a cyclops
 15574 | D:10     | Killed a cyclops
 15854 | D:11     | Noticed a cyclops
 15867 | D:11     | Noticed Lodul
 15873 | D:11     | Hit by a large rock thrown by a cyclops

Illustrated notes

Levels and vault maps discovered:
D:1:      lightli_arrival_boilingwater, layout_rooms
D:2:      layout_basic, serial_undead, serial_undead_e, serial_undead_c,
          serial_undead_e, serial_undead_c, uniq_jessica
D:3:      layout_basic, general_overflow_altar, uniq_grinder, uniq_robin
D:4:      layout_basic, fedhas_altar_decomposition,
          mainiacjoe_overflow_tiny_flanked, minmay_temple_entry_arrows,
          cheibrodos_sewer_entry_bend, uniq_crazy_yiuf_cottage, uniq_natasha,
          uniq_edmund
D:5:      layout_loops_corners, mainiacjoe_overflow_alcove_4
D:6:      layout_basic, nicolae_overflow_hidden_temple, serial_shops,
          nicolae_square_shop, gammafunk_ghost_cemetery, nrook_pool_corridor,
          minmay_fountain_box, uniq_menkaure
D:7:      layout_basic, enter_bailey_2
D:8:      layout_loops_corners, mainiacjoe_overflow_surrounded_room,
          nicolae_vehumet_radiance, grunt_decor_cap
D:9:      layout_basic, good_gods_mini_temple, mainiacjoe_overflow_divided_tiny,
          lair_entry_dummy, lightli_corner_chamber
D:10:     layout_irregular_city, minmay_circle_x
D:11:     layout_rooms, einodemon_armed_red_devil_minivault, uniq_lodul
Temple:   nicolae_temple_two_arcs

Skill      XL: |  1  2  3  4  5  6  7  8  9 10 11 |
---------------+----------------------------------+-----
Spellcasting   | 5 6 7 8 |  8.4
Invocations    | 1 2 3 4 5 6 7 |  7.2
Fighting       | 1 2 3 5 6 |  6.6
Short Blades   | 1 2 3 5 6 |  6.6
Long Blades    | 1 2 3 5 6 |  6.6
Axes           | 1 2 3 5 6 |  6.6
Maces & Flails | 1 2 3 5 6 |  6.6
Polearms       | 1 2 3 5 6 |  6.6
Staves         | 1 2 3 5 6 |  6.6
Ranged Weapons | 1 2 3 5 6 |  6.6
Throwing       | 1 2 3 5 6 |  6.6
Armour         | 1 2 3 5 6 |  6.6
Shields        | 1 2 3 5 6 |  6.6
Unarmed Combat | 1 2 3 5 6 |  6.6
Evocations     | 1 2 3 5 6 |  6.6
Shapeshifting  | 1 2 3 4 5 6 |  6.0
Hexes          | 1 2 3 4 5 |  5.4
Summonings     | 1 2 3 4 5 |  5.4
Necromancy     | 1 2 3 4 5 |  5.4
Translocations | 1 2 3 4 5 |  5.4
Fire Magic     | 1 2 3 4 5 |  5.4
Ice Magic      | 1 2 3 4 5 |  5.4
Air Magic      | 1 2 3 4 5 |  5.4
Earth Magic    | 1 2 3 4 5 |  5.4
Alchemy        | 1 2 3 4 5 |  5.4
Dodging        | 5 6 7 8 |  8.1
Stealth        | 5 6 7 |  7.9
Conjurations   | 8 9 |  9.1

Action                     |  1- 3 |  4- 6 |  7- 9 | 10-12 || total
---------------------------+-------+-------+-------+-------++-------
  Melee: Rapier            |    22 |       |       |       ||    22
         War axe           |    21 |    18 |     8 |       ||    47
         Bite              |     1 |     2 |    17 |    21 ||    41
         Dagger            |       |    11 |       |       ||    11
         Flail             |       |       |    94 |       ||    94
         Trident           |       |       |    49 |   188 ||   237
  Throw: Dart              |       |       |       |     4 ||     4
   Cast: Magic Dart        |    52 |    47 |   100 |    18 ||   217
         Searing Ray       |       |    12 |    17 |     7 ||    36
         Iskenderun's Myst |       |       |    15 |    35 ||    50
         Fireball          |       |       |       |    12 ||    12
         Freezing Cloud    |       |       |       |     1 ||     1
  Evoke: Wand              |       |       |     5 |     1 ||     6
    Use: Scroll            |       |     9 |     7 |     2 ||    18
         Potion            |       |       |     5 |       ||     5
   Stab: Sleeping          |     2 |       |     5 |     3 ||    10
         Paralysed         |       |       |     2 |       ||     2
 Armour: Robe              |    47 |    17 |   151 |   145 ||   360
  Dodge: Dodged            |    32 |    37 |   128 |   151 ||   348

Table legend: (Time is in decaauts)
 A = Elapsed time spent in this place.
 B = Non-inter-level travel time spent in this place.
 C = Inter-level travel time spent in this place.
 D = Time resting spent in this place.
 E = Time spent auto-exploring this place.
 F = Levels seen in this place.
 G = Mean time per level.
                   A        B        C        D        E       F      G
               +--------+--------+--------+--------+--------+-----+--------+
         Total |  16004 |  15583 |    421 |   5024 |   8643 |  13 | 1231.1 |
       Dungeon |  15062 |  14652 |    410 |   4429 |   8545 |  11 | 1369.3 |
        Temple |    144 |    133 |     11 |    105 |      0 |   1 |  144.0 |
        Bailey |    797 |    797 |      0 |    490 |     98 |   1 |  797.0 |
               +--------+--------+--------+--------+--------+-----+--------+

Top non-repeatable levels by time:
    D:10: 2200 daAuts
     D:9: 2110 daAuts
     D:4: 1646 daAuts
     D:5: 1639 daAuts
     D:6: 1607 daAuts
     D:7: 1526 daAuts
     D:2: 1292 daAuts
     D:8: 1286 daAuts
     D:3: 1031 daAuts
  Bailey: 797 daAuts
     D:1: 590 daAuts
  Temple: 144 daAuts
    D:11: 129 daAuts
